 Dungeon Crawl Stone Soup version 0.25-a0-803-g58bd18402a (webtiles) character file.

Game seed: 191926852622872197, levelgen mode: deterministic

3216 Fukker the Grappler (level 9, -3/93 HPs)
             Began as a Demonspawn Gladiator on Apr 19, 2020.
             Was an Elder of Okawaru.
             Killed by divine providence
             ... invoked by a meliai
              (14 damage)
             ... on level 8 of the Dungeon.
             The game lasted 00:15:17 (7282 turns).

Fukker the Grappler (Demonspawn Gladiator)          Turns: 7282, Time: 00:15:17

Health: -3/93      AC: 29    Str: 22    XL:     9   Next: 65%
Magic:  9/11       EV:  2    Int: 11    God:    Okawaru [****..]
Gold:   329        SH:  6    Dex: 14    Spells: 8/8 levels left

rFire    . . .     SeeInvis .     - Unarmed
rCold    . . .     Gourm    .   (no shield)
rNeg     + + +     Faith    .   (armour currently unavailable)
rPois    +         Spirit   .   (helmet currently unavailable)
rElec    .         Reflect  +   (cloak currently unavailable)
rCorr    .         Harm     .   (gloves currently unavailable)
MR       .....     NoTele   +   (boots currently unavailable)
Stlth    +++.......             j - +6 amulet of reflection
HPRegen  0.25/turn              L - +5 ring of strength
MPRegen  0.12/turn              B - +5 ring of protection

@: tree-form, heroism
A: rot immunity
a: Heroism, Renounce Religion


You were on level 8 of the Dungeon.
You worshipped Okawaru.
Okawaru was greatly pleased with you.
You were hungry.
You were a tree.
You visited 1 branch of the dungeon, and saw 8 of its levels.
You also visited: Sewer.

You collected 329 gold pieces.

Inventory:

Hand Weapons
 a - a +0 quarterstaff
Missiles
 d - 2 throwing nets
 g - 55 arrows
 m - 269 stones
 o - 60 sling bullets
 s - 6 boomerangs
 F - 12 bolts
 H - 35 poisoned darts (quivered)
Armour
 b - a +0 leather armour (melded)
 c - a +0 helmet (melded)
 C - a scarf of cloud immunity (melded)
 K - a +1 pair of gloves (melded)
Jewellery
 j - a +6 amulet of reflection (around neck)
 n - an uncursed ring of poison resistance
 r - an uncursed ring of protection from magic
 B - a +5 ring of protection (right branch)
 E - an uncursed ring of ice
 L - a +5 ring of strength (left branch)
Wands
 z - a wand of polymorph (11)
 J - a wand of iceblast (6)
 M - a wand of disintegration (15)
Scrolls
 i - 2 scrolls of remove curse
 k - a scroll of blinking
 l - 10 scrolls of teleportation
 u - 3 scrolls of magic mapping
 w - a scroll of fear
 x - a scroll of amnesia {unknown}
 y - a scroll of random uselessness {unknown}
 A - 2 scrolls of enchant armour
 G - a scroll of enchant weapon {unknown}
 N - a scroll of identify
Potions
 e - a potion of lignification
 h - 3 potions of heal wounds {unknown}
 p - 3 potions of curing {unknown}
 q - 3 potions of haste {unknown}
 t - 2 potions of might {unknown}
 v - a potion of flight {unknown}
 D - 2 potions of magic {unknown}
 I - a potion of berserk rage {unknown}
Comestibles
 f - 11 rations


   Skills:
 + Level 2.5(7.5) Fighting
 - Level 3.1(8.1) Staves
 + Level 2.4(7.4) Throwing
 + Level 3.5(8.5) Armour
 + Level 4.0(9.0) Dodging
 + Level 10.7(15.7) Unarmed Combat
 - Level 3.0 Invocations


You had 8 spell levels left.
You didn't know any spells.
Your spell library was empty.

Dungeon Overview and Level Annotations

Branches:
Dungeon (8/15)             Temple (0/1) D:5           Sewer (visited)
   Lair: D:8-11

Altars:
Cheibriados
Okawaru
Qazlal
Sif Muna
Trog
Uskayaw

Shops:
D:4 [


Innate Abilities, Weirdness & Mutations

((You have sharp fingernails.))
((You are mostly covered in molten scales. (AC +3)))
You are immune to rotting.


Message History

You gain the combat prowess of a mighty hero.
The meliai hits you with a +0 war axe!!
* * * LOW HITPOINT WARNING * * *
The meliai misses you. You block the meliai's attack. The meliai misses you.
The meliai misses you. You block the meliai's attack.
You pummel the meliai!!
The meliai is severely wounded.
The meliai hits you with a +0 war axe!
* * * LOW HITPOINT WARNING * * *
You block the meliai's attack.
It was a potion of lignification.
You turn into a tree.
Your scarf of cloud immunity melds into your body.
Your +0 helmet melds into your body.
Your +1 pair of gloves melds into your body.
Your +0 leather armour melds into your body.
You feel vulnerable to the effects of clouds.
Your roots penetrate the ground.
The meliai invokes the aid of its god against you.
Something smites you!
You die...

..#.#.#.....#....# #. .y.
................#####. ...
.#...#.....#.......... .?
#.#...##...##..........
%.##.##..#######..........
y#.................#####.
..c..##.#.###.#.#...# #.
###y###.#.# #.......# ##
#)##..#♣# #####...#
#.##.##y# #...# #.##.##g#
##.## .###.g.g.y.# #.#
..........#### #.#
...######## #. #


You could see 2 meliai and a gnoll.

Vanquished Creatures
  A two-headed ogre (D:6)
  Pikel (D:6)
  Sigmund (D:6)
  A hungry ghost (D:7)
  2 sky beasts (D:5)
  2 ogres
  3 phantoms
  3 big kobolds (Sewer)
  A gnoll sergeant (D:8)
  2 bullfrogs
  A scorpion (D:7)
  A crimson imp (D:5)
  A bullfrog zombie (D:6)
  A centaur skeleton (D:7)
  2 hounds
  A bullfrog skeleton (D:5)
  2 orc priests
  An iguana (D:5)
  An iron imp (D:5)
  6 worker ants
  4 orc wizards
  A hound zombie (D:5)
  A worker ant zombie (D:7)
  A gnoll (D:8)
  10 adders
  A river rat (Sewer)
  A shadow imp (D:5)
  2 oozes
  An adder zombie (D:7)
  5 worms
  A dart slug (D:2)
  3 leopard geckos
  9 orcs
  8 bats
  4 giant cockroaches
  10 goblins
  3 hobgoblins
  2 jackals (D:7)
  3 quokkas
  4 ball pythons (Sewer)
  5 frilled lizards
  10 kobolds
  A leopard gecko skeleton (D:4)
  A quokka skeleton (D:5)
  5 rats
130 creatures vanquished.

Vanquished Creatures (others)
  A ball python (D:6)
1 creature vanquished.

Grand Total: 131 creatures vanquished

Notes
Turn   | Place    | Note
-------+----------+-------------------------------------------
     0 | D:1      | Fukker the Demonspawn Gladiator began the quest for the
                  | Orb.
     0 | D:1      | Reached XP level 1. HP: 16/16 MP: 1/1
   193 | D:1      | Gained mutation: You have sharp fingernails. [demonic
                  | ancestry]
   193 | D:1      | Reached XP level 2. HP: 22/22 MP: 2/2
  1098 | D:2      | Reached skill level 1 in Unarmed Combat
  1734 | D:2      | Reached XP level 3. HP: 24/27 MP: 3/3
  1826 | D:2      | Reached skill level 2 in Unarmed Combat
  2097 | D:2      | Gained mutation: You are partially covered in molten
                  | scales. (AC +2) [demonic ancestry]
  2097 | D:2      | Reached XP level 4. HP: 33/33 MP: 4/4
  2574 | D:3      | Found a hide-covered altar of Uskayaw.
  2582 | D:3      | Reached skill level 3 in Unarmed Combat
  2590 | D:3      | Found a glowing drain.
  2599 | Sewer    | Entered a sewer
  2685 | Sewer    | Noticed a big kobold
  2685 | Sewer    | Noticed a big kobold
  2706 | Sewer    | Killed a big kobold
  2706 | Sewer    | Reached skill level 4 in Unarmed Combat
  2706 | Sewer    | Reached XP level 5. HP: 22/38 MP: 5/5
  2921 | Sewer    | Reached skill level 5 in Unarmed Combat
  2921 | Sewer    | Reached XP level 6. HP: 44/44 MP: 6/6
  3166 | D:3      | Found a shimmering blue altar of Sif Muna.
  3208 | D:3      | Found an iron altar of Okawaru.
  3208 | D:3      | Found a stormy altar of Qazlal.
  3215 | D:3      | Became a worshipper of Warmaster Okawaru
  3754 | D:4      | Found Dupaheum's Armour Boutique.
  4102 | D:4      | Reached skill level 6 in Unarmed Combat
  4281 | D:4      | Gained mutation: You are immune to rotting. [demonic
                  | ancestry]
  4281 | D:4      | Reached XP level 7. HP: 50/50 MP: 7/7
  4479 | D:5      | Entered Level 5 of the Dungeon
  4507 | D:5      | Reached skill level 1 in Invocations
  4572 | D:5      | Found a staircase to the Ecumenical Temple.
  4612 | D:5      | Reached * piety under Okawaru
  4612 | D:5      | Reached skill level 7 in Unarmed Combat
  4650 | D:5      | Found a snail-covered altar of Cheibriados.
  4809 | D:5      | Reached XP level 8. HP: 44/56 MP: 10/10
  4839 | D:5      | Reached skill level 8 in Unarmed Combat
  5525 | D:6      | Found a bloodstained altar of Trog.
  5605 | D:6      | Noticed Sigmund
  5611 | D:6      | Killed Sigmund
  5611 | D:6      | Reached ** piety under Okawaru
  5611 | D:6      | Reached skill level 1 in Armour
  5679 | D:6      | Noticed Pikel
  5692 | D:6      | Killed Pikel
  5692 | D:6      | Reached skill level 9 in Unarmed Combat
  5955 | D:6      | Gained mutation: You are mostly covered in molten scales.
                  | (AC +3) [demonic ancestry]
  5955 | D:6      | Reached XP level 9. HP: 48/61 MP: 11/11
  5963 | D:6      | Noticed a two-headed ogre
  5972 | D:6      | Killed a two-headed ogre
  5972 | D:6      | Reached *** piety under Okawaru
  5972 | D:6      | Reached skill level 10 in Unarmed Combat
  7256 | D:8      | Noticed a meliai
  7261 | D:8      | Noticed a meliai
  7265 | D:8      | Reached **** piety under Okawaru
  7266 | D:8      | Noticed a meliai
  7282 | D:8      | Killed from afar by a meliai

Levels and vault maps discovered:
D:1:      denvon_arrival_hothouse, layout_basic
D:2:      layout_loops_corners, minmay_misc_feat_columns, minmay_goblin_outpost
D:3:      layout_basic, overflow_temple_1_default, overflow_temple_1_default,
          chequers_temple_overflow_statue_of_worship, portal_sewer_entry_d
D:4:      layout_loops_ring, serial_shops, nicolae_shop_trees, first_ration
D:5:      layout_basic, slow_altar_1, minmay_temple_entry_trees
D:6:      layout_layer_cave, lemuel_crystal_altar, uniq_sigmund, uniq_pikel
D:7:      layout_loops_ring
D:8:      layout_loops_cross, lemuel_zombie_altar_kikubaaqudgha,
          kennysheep_mini, serial_shops, shop, minmay_misc_feat_enclosed,
          hangedman_glass_garden, uniq_psyche, uniq_erica

Skill      XL: |  1  2  3  4  5  6  7  8  9 |
---------------+----------------------------+-----
Staves         | 3 |  3.1
Throwing       | 2 |  2.4
Unarmed Combat | 1 2 4 5 6 7 9 10 | 10.7
Invocations    | 3 |  3.0
Armour         | 2 3 |  3.5
Dodging        | 3 4 |  4.0
Fighting       | |  2.5

Action                   |  1- 3 |  4- 6 |  7- 9 || total
-------------------------+-------+-------+-------++-------
Melee: Quarterstaff      |    24 |       |       ||    24
       Unarmed           |   155 |   174 |   210 ||   539
       Punch             |       |     3 |     7 ||    10
Throw: Stone             |     9 |       |       ||     9
       Throwing net      |     2 |       |       ||     2
       Boomerang         |     8 |    19 |    27 ||    54
       Dart              |       |       |    12 ||    12
Invok: Heroism           |       |       |     7 ||     7
  Use: Scroll            |       |     5 |     2 ||     7
       Potion            |       |       |     1 ||     1
 Stab: Sleeping          |     1 |       |       ||     1
  Eat: Chunk             |     4 |     7 |     9 ||    20
Armor: Leather armour    |    50 |    47 |    52 ||   149
Dodge: Dodged            |   118 |    78 |    68 ||   264
Block: Other             |    14 |    29 |    47 ||    90

Table legend:
 A = Non-vault XP
 B = Vault XP
 C = Vault XP percentage of total XP
 D = Non-vault monster count
 E = Vault monster count
 F = Vault count percentage of total count
                 A         B        C        D         E       F
            +---------+---------+-------+---------+---------+-------
      Total |    3293 |    1302 |  28.3 |     104 |      26 |  20.0
            +---------+---------+-------+---------+---------+-------
        D:1 |      22 |       0 |   0.0 |      13 |       0 |   0.0
        D:2 |      88 |       7 |   7.4 |      25 |       4 |  13.8
        D:3 |      23 |      13 |  36.1 |      11 |       1 |   8.3
        D:4 |     206 |       0 |   0.0 |       8 |       0 |   0.0
        D:5 |     933 |      40 |   4.1 |      21 |       1 |   4.5
        D:6 |    1301 |     853 |  39.6 |      11 |       2 |  15.4
        D:7 |     406 |       0 |   0.0 |      10 |       0 |   0.0
        D:8 |     314 |       0 |   0.0 |       5 |       0 |   0.0
      Sewer |       0 |     389 | 100.0 |       0 |      18 | 100.0
            +---------+---------+-------+---------+---------+-------
